cohdb
Replays
Latest Replays
All Replays
Popular Replays
Top Player Replays
Match Explorer
How It Works
Community
CoH3 Stats
Reddit
Sign in to upload your games and track your stats! →
Sign in with Steam
Match 42095311
Unlisted
Match 42095311
Overview
Messages
Build Orders
End
Construct Infanterie Kompanie
Kettenkrad Recon Vehicle
MG 42 Machine Gun Team
Selects Mechanized Battlegroup
MG 42 Machine Gun Team
GrW 34 Mortar Team
MG 42 Machine Gun Team
Forward Retreat Point
GrW 34 Mortar Team
Medical Bunker
Selects Spotting Scopes
Construct Luftwaffe Kompanie
Selects Wespe Self-propelled Artillery
Wespe Self-propelled Artillery
Jäger Squad
Jäger Squad
Luftwaffe Officer Quarters
Wespe Self-propelled Artillery
Wespe Self-propelled Artillery
Medical Bunker
Kettenkrad Recon Vehicle
Selects Raid Package
Jäger Squad
Infanterie Officer Quarters
Jäger Squad
Pioneer Squad
Construct Panzer Kompanie
Selects 8 Rad Armored Car
Selects UNKNOWN (2160084)
Panzer Officer Quarters
Side Skirts
Pioneer Squad
Selects Zeroing Artillery Barrage
Panther Heavy Tank
Panther Heavy Tank
_Boxxxx1_
ThePhoenix
Xeravex
Mage
Annya
[GG]Onkel Stonkel
[GG]Quiq
JIaBKuH
0
0
Comments
sign in to comment!
No comments posted yet!